Map: Ruins of Seras

Players

Arkham - Winner!

  • Race: Terran Terran

A.I. 1 (Harder)

  • Race: Zerg Zerg

VOD

Have the link to the VOD?

Description

Time

  • Played on: Dec. 8, 2015, 7:02 p.m.
  • Length: 13:24
Show
View Real Time Build Order
Export as new Build Order

Arkham Terran - Winner!

Build Orders:  

Get SALT Encoding   

  12  0:03  SCV  
  13  0:15  SCV  
  14  0:23  Supply Depot  
  14  0:27  SCV  
  15  0:42  Refinery  
  15  0:44  SCV  
  16  0:53  Barracks  
  16  0:59  SCV  
  17  1:11  SCV  
  18  1:30  SCV  
  19  1:36  Command Center  
  19  1:42  SCV  
  19  1:46  Marine  
  21  1:54  SCV  
  21  1:56  Refinery  
  22  2:02  Supply Depot  
  22  2:04  Marine  
  23  2:24  SCV  
  24  2:30  Factory  
  24  2:51  Barracks  
  24  2:58  Engineering Bay  
  24  3:06  SCV  
  24  3:10  SCV  
  26  3:13  Barracks Reactor  
  26  3:16  Factory Tech Lab  
  26  3:18  SCV  
  27  3:28  SCV  
  28  3:36  SCV  
  29  3:45  Orbital Command  
  29  3:48  SCV, Barracks Tech Lab  
  30  3:53  Siege Tank  
  33  3:55  Marine  
  33  3:56  Marine  
  33  3:59  Terran Infantry Weapons Level 1  
  33  4:00  SCV  
  36  4:08  Starport  
  36  4:11  Refinery  
  36  4:12  SCV  
  36  4:16  Combat Shields  
  37  4:24  SCV  
  39  4:34  Marauder  
  39  4:36  SCV, Marine x2  
  43  4:41  Barracks  
  43  4:51  Starport Reactor  
  43  4:53  Siege Tank  
  46  5:00  Supply Depot  
  46  5:03  Supply Depot  
  46  5:21  Marine x2  
  46  5:22  SCV, Marauder  
  46  5:25  Siege Tank  
  46  5:28  Medivac  
  56  5:39  Marine x2  
  58  5:43  Marauder  
  58  5:45  SCV  
  58  5:49  Refinery  
  61  5:53  Terran Infantry Armor Level 1  
  61  5:57  SCV  
  62  6:06  Barracks Reactor  
  62  6:08  Concussive Shells  
  62  6:18  Supply Depot  
  62  6:21  Supply Depot  
  62  6:23  Supply Depot  
  62  6:39  Medivac, Marine  
  66  6:40  SCV  
  66  6:45  Marauder  
  66  6:46  Marine  
  69  6:48  Siege Tank  
  69  6:53  Medivac  
  74  6:57  SCV, Marine  
  76  7:06  Marauder  
  78  7:09  SCV  
  74  7:21  SCV  
  59  7:31  Marine x4  
  59  7:32  Marine  
  64  7:49  Marine x4  
  64  7:50  Marauder  
  64  7:51  SCV  
  71  8:01  Infernal Pre-Igniter  
  71  8:03  SCV  
  71  8:04  Stimpack  
  72  8:07  Marine x4  
  72  8:11  Marauder  
  78  8:14  Siege Tank  
  78  8:16  Medivac  
  83  8:33  Marauder  
  85  8:48  Command Center  
  85  9:02  Supply Depot  
  85  9:05  Supply Depot  
  85  9:09  SCV  
  86  9:24  SCV, Marauder  
  89  9:28  Marine x3  
  89  9:30  Siege Tank  
  95  9:31  Medivac  
  97  9:45  Marauder  
  99  9:55  Marine x3  
  99  9:59  Marine  
  103  10:05  Supply Depot  
  103  10:07  Marauder  
  105  10:10  Supply Depot  
  105  10:13  Marine x3  
  108  10:28  Marauder  
  110  10:29  Supply Depot  
  110  10:34  Supply Depot  
  97  10:58  SCV  
  97  11:02  Refinery  
  98  11:05  Supply Depot  
  98  11:08  Marine x2  
  98  11:09  Supply Depot, Marine x2  
  98  11:10  SCV  
  104  11:12  Siege Tank  
  104  11:14  Medivac x2  
  109  11:26  Marine x2  
  109  11:30  Marine  
  107  11:44  Siege Tank  
  110  11:49  Marauder  
  99  12:10  Marauder  
  99  12:14  Marine x2  
  99  12:15  Marine x2  
  105  12:25  Siege Tank  
  105  12:26  Medivac  
  105  12:27  Medivac  
  112  12:31  Marauder  
  112  12:32  Marine x4  
  115  12:50  Marine  
  112  12:53  Marauder  
Show
View Real Time Build Order
Export as new Build Order

A.I. 1 (Harder) Zerg 

Build Orders: Pool First 

Get SALT Encoding   

  12  0:00  Drone  
  13  0:12  Overlord  
  13  0:17  Drone  
  14  0:31  Drone x2  
  16  0:43  Spawning Pool  
  16  0:46  Drone  
  16  0:50  Drone  
  16  0:54  Extractor  
  16  0:56  Drone  
  17  1:06  Overlord  
  17  1:31  Zergling x2  
  17  1:32  Queen  
  18  1:38  Drone  
  18  1:39  Roach Warren  
  20  1:40  Extractor  
  20  1:43  Zergling x2  
  20  1:49  Drone  
  21  2:00  Drone  
  22  2:10  Overlord  
  22  2:21  Drone  
  23  2:32  Roach  
  25  2:39  Drone  
  26  2:44  Overlord, Roach  
  28  2:56  Roach  
  30  3:09  Overlord, Roach  
  32  3:17  Drone  
  33  3:21  Drone, Roach  
  33  3:25  Drone  
  37  3:33  Ravager x4  
  41  3:34  Roach  
  43  3:43  Overlord  
  43  3:46  Roach  
  45  3:57  Drone  
  45  3:58  Roach  
  45  4:01  Drone  
  49  4:08  Drone  
  50  4:14  Overlord, Roach  
  52  4:18  Baneling Nest  
  52  4:19  Drone  
  52  4:26  Evolution Chamber, Roach  
  52  4:30  Drone  
  54  4:41  Roach  
  56  6:33  Lair, Overlord, Roach, Zerg Melee Weapons Level 1  
  56  6:35  Spore Crawler  
  56  6:36  Spore Crawler  
  56  6:37  Drone  
  59  6:40  Roach  
  59  6:41  Hatchery  
  59  6:46  Roach  
  60  6:52  Overlord  
  60  7:00  Spine Crawler  
  60  7:01  Drone  
  60  7:11  Spine Crawler  
  60  7:12  Drone  
  60  7:18  Roach  
  54  7:24  Zergling x2  
  50  7:30  Burrow  
  50  7:31  Roach  
  50  7:35  Hydralisk Den, Overseer  
  51  7:37  Roach  
  51  7:43  Roach  
  55  7:44  Overseer  
  55  7:47  Infestation Pit  
  54  7:52  Queen  
  54  7:53  Drone  
  54  7:56  Drone  
  58  7:58  Drone  
  58  7:59  Drone x3  
  58  8:03  Extractor  
  58  8:04  Hydralisk  
  58  8:05  Drone  
  64  8:06  Spore Crawler  
  64  8:07  Drone  
  64  8:10  Hydralisk  
  64  8:12  Drone  
  67  8:15  Drone  
  67  8:17  Hydralisk  
  70  8:24  Drone  
  71  8:27  Drone, Zerg Ground Armor Level 1  
  71  8:29  Drone, Hydralisk  
  71  8:30  Drone  
  76  8:35  Drone  
  76  8:39  Drone  
  78  8:44  Muscular Augments  
  78  8:46  Drone  
  79  8:50  Drone  
  80  8:56  Drone  
  80  8:58  Hydralisk  
  80  8:59  Drone  
  80  9:00  Overlord  
  85  9:02  Drone  
  85  9:07  Hydralisk  
  87  9:11  Spore Crawler  
  87  9:16  Queen  
  88  9:28  Spire  
  88  9:30  Evolution Chamber, Drone  
  87  9:33  Drone  
  87  9:38  Spine Crawler  
  87  9:39  Drone  
  87  9:45  Spine Crawler  
  87  9:46  Drone  
  88  9:55  Zerg Missile Weapons Level 1  
  88  10:26  Drone, Extractor  
  88  10:32  Pneumatized Carapace, Lurker Den  
  88  10:33  Overlord, Infestor  
  85  10:38  Overseer, Zergling x2  
  85  10:40  Drone  
  64  10:43  Hydralisk  
  64  10:48  Hydralisk  
  57  10:54  Roach  
  50  10:59  Roach  
  50  11:03  Hydralisk  
  53  11:07  Drone, Overseer  
  53  11:09  Drone, Roach  
  57  11:14  Drone, Roach  
  59  11:20  Drone  
  59  11:22  Overseer  
  58  11:26  Drone, Ravager, Roach  
  58  11:30  Hydralisk  
  64  11:35  Hydralisk  
  64  11:36  Drone x3  
  60  11:40  Drone  
  60  11:41  Roach  
  61  11:53  Drone  
  49  11:58  Roach  
  47  12:07  Overseer  
  38  12:10  Hydralisk  
  32  12:17  Drone  
  32  12:22  Drone  
  33  12:27  Drone, Ravager  
  33  12:39  Hydralisk  
  24  13:06  Hydralisk Den  
Tags
 
Add a new tag
Caveats
  • Supply blocks, unpowered buildings, or Contaminate may cause inaccurate times.
  • Supply counts are checked every 10 seconds.